 Dungeon Crawl Stone Soup version 0.23-a0-309-ge7838e6 (webtiles) character file.

28623 tilp the Nimble (level 13, -5/106 HPs)
             Began as a Merfolk Ice Elementalist on Oct 11, 2018.
             Was a Priest of Makhleb.
             Killed from afar by an electric eel (17 damage)
             ... with a bolt of electricity
             ... on level 4 of the Lair of Beasts.
             The game lasted 01:05:21 (20588 turns).

tilp the Nimble (Merfolk Ice Elementalist)         Turns: 20588, Time: 01:05:22

Health: -5/106     AC:  7    Str: 11    XL:     13   Next: 40%
Magic:  14/25      EV: 20    Int: 19    God:    Makhleb [***...]
Gold:   879        SH:  3    Dex: 14    Spells: 17/28 levels left

rFire    + . .     SeeInvis .   k - +9 whip of Deformation {elec, rC+}
rCold    + . .     Gourm    .   (no shield)
rNeg     . . .     Faith    .   D - +1 leather armour {rPois}
rPois    +         Spirit   .   Q - +1 helmet
rElec    .         Reflect  +   q - +0 cloak
rCorr    .         Harm     .   (no gloves)
MR       .....                  (no boots)
Stlth    ++........             I - +3 amulet of reflection
HPRegen  0.27/turn              o - +2 ring of strength
MPRegen  0.19/turn              m - ring of protection from fire

@: no status effects
A: change form in water, swift swim, stealthy swim
a: Minor Destruction, Lesser Servant of Makhleb, Renounce Religion


You were on level 4 of the Lair of Beasts.
You worshipped Makhleb.
Makhleb was most pleased with you.
You were not hungry.

You visited 3 branches of the dungeon, and saw 16 of its levels.

You collected 1044 gold pieces.
You spent 165 gold pieces at shops.

Inventory:

Hand Weapons
 i - a +2 vampiric spear
 k - the +9 whip of Deformation (weapon) {elec, rC+}
   (You found it on level 6 of the Dungeon)

   Occasionally, upon striking a foe, it will discharge some electrical energy
   and cause terrible harm.
   It protects you from cold.
 r - a +2 antimagic halberd
 u - a +1 halberd
 z - a +1 trident of venom
 R - a +0 glaive
Missiles
 l - 17 tomahawks (quivered)
 w - 8 javelins
Armour
 b - a scarf of resistance
 e - +0 steam dragon scales
 q - a +0 cloak (worn)
 D - a +1 leather armour of poison resistance (worn)
 Q - a +1 helmet (worn)
Jewellery
 g - an uncursed ring of protection from cold {unknown}
 m - a ring of protection from fire (right hand)
 o - a +2 ring of strength (left hand)
 y - an uncursed ring of fire
 E - an uncursed ring of resist corrosion
 F - an uncursed ring of ice
 H - an uncursed ring of see invisible
 I - a +3 amulet of reflection (around neck)
 K - an uncursed ring of protection from fire
Wands
 a - a wand of enslavement (16)
 G - a wand of polymorph (12)
 L - a wand of scattershot (11)
 O - a wand of acid (10)
 P - a wand of paralysis (11)
Scrolls
 d - a scroll of fog
 h - 7 scrolls of remove curse
 n - a scroll of fear
 M - a scroll of enchant weapon
 S - a scroll of torment {unknown}
 T - a scroll of blinking
Potions
 f - 2 potions of lignification
 j - 7 potions of curing
 p - a potion of agility
 s - 6 potions of heal wounds
 t - 2 potions of haste
 x - 2 potions of mutation
 A - 4 potions of brilliance
 B - 2 potions of flight
 C - 2 potions of might
 N - 4 potions of resistance
Comestibles
 c - 21 rations
 v - 6 chunks of flesh


   Skills:
 + Level 11.0 Fighting
 * Level 8.3 Polearms
 + Level 12.9 Dodging
 - Level 2.1 Stealth
 - Level 8.0 Spellcasting
 - Level 2.1 Conjurations
 - Level 4.0 Charms
 - Level 12.0 Ice Magic
 - Level 5.0 Invocations
 + Level 6.6 Evocations


You had 17 spell levels left.
You knew the following spells:

 Your Spells              Type           Power        Failure   Level  Hunger
a - Freeze                Ice            ####         1%          1    None
b - Throw Frost           Conj/Ice       ####..       1%          2    None
c - Ozocubu's Armour      Chrm/Ice       #####...     1%          3    None
d - Throw Icicle          Conj/Ice       ####....     6%          4    ###....
e - Animate Skeleton      Necr           N/A          12%         1    None

Your spell library contained the following spells:

 Spells                   Type           Power        Failure   Level  Hunger
 Summon Ice Beast         Ice/Summ       ####....     10%         4    ###....
 Apportation              Tloc           #.....       12%         1    None
 Confusing Touch          Hex            #.....       12%         1    None
 Summon Small Mammal      Summ           #...         12%         1    None
 Metabolic Englaciation   Hex/Ice        ####......   28%         5    #####..
 Confuse                  Hex            #.......     34%         3    None
 Gell's Gravitas          Tloc           #.........   34%         3    None
 Iskenderun's Battlesphe  Conj/Chrm      ###.....     67%         5    #####..
 Petrify                  Tmut/Erth      #.......     75%         4    ###....
 Venom Bolt               Conj/Pois      ##........   91%         5    #####..
 Bolt of Magma            Conj/Fire/Erth ##........   94%         5    #####..
 Yara's Violent Unravell  Hex/Tmut       #.........   97%         5    #####..
 Iron Shot                Conj/Erth      ##........   100%        6    ######.
 Orb of Destruction       Conj           ###.......   100%        7    #######
 Spellforged Servitor     Conj/Summ      ##........   100%        7    #######


Dungeon Overview and Level Annotations

Branches:
Dungeon (11/15)            Temple (1/1) D:4            Lair (4/6) D:11
  Swamp (0/4) Lair:4       Spider (0/4) Lair:3          Orc (0/2) D:10

Altars:
Dithmenos
Elyvilon
Fedhas
Hepliaklqana
Kikubaaqudgha
Makhleb
Qazlal
Ru
Uskayaw

Shops:
D:5 *   D:8 }

Annotations:
D:9 exclusion: two-headed ogre
D:11 3 runed doors, TBriggs11TB's ghost, journeyman FoFi
Lair:2 obs statue with am of 4winds, exclusion: obsidian statue


Message History

The bolt of electricity hits the electric eel.
The electric eel completely resists.
The bolt of electricity hits you!
The electric eel shoots out a bolt of lightning at you!
The bolt of electricity hits you!
The electric eel shoots out a bolt of lightning at you!
The bolt of electricity hits the electric eel.
The electric eel completely resists.
The bolt of electricity misses you.
The electric eel shoots out a bolt of lightning at you!
The bolt of electricity hits you!
The electric eel shoots out a bolt of lightning at you!
The bolt of electricity hits you!
* * * LOW HITPOINT WARNING * * *
The electric eel shoots out a bolt of lightning at you!
The bolt of electricity hits you!
* * * LOW HITPOINT WARNING * * *
The electric eel shoots out a bolt of lightning at you!
The bolt of electricity misses you.
The electric eel shoots out a bolt of lightning at you!
The bolt of electricity hits you!
You die...

#........... .#P.....#
###.......... ........#
####...........# ........#
#..............# §≈..§...#
#............... ≈;;......
#...#...(....... §;;.....#
#.###.!...P.....
§;;.§...###.##.......P...#
§§§.§....@#÷###.........##
...§...................+.#
..........................
..........................
.................)........
..........................
..........................
P##...###P.#..###.........
#.. ###..## .........


You could see 3 electric eels.

Vanquished Creatures
  A hydra (Lair:2)
  3 death yaks
  An unseen horror (D:10)
  Pikel (D:4)
  A wolf spider zombie (D:11)
  A manticore (D:11)
  An ugly thing (D:11)
  2 elephants (Lair:4)
  4 black mambas
  5 spiny frogs
  5 komodo dragons
  2 rime drakes
  10 blink frogs
  A hornet (D:11)
  A meliai zombie (D:11)
  5 hippogriffs
  A shadow (D:11)
  4 wyverns
  A wraith (D:11)
  19 yaks
  4 hogs (D:7)
  A human (D:7)
  A hungry ghost (D:8)
  A steam dragon (D:10)
  6 porcupines
  6 water moccasins
  5 orc warriors
  A sky beast (D:8)
  2 black bears
  4 slaves
  4 wolves (Lair:2)
  5 ogres
  9 centaurs
  9 crocodiles
  Blork the orc (D:5)
  7 bullfrogs
  5 big kobolds
  A gnoll sergeant (D:9)
  5 scorpions
  14 killer bees (D:7)
  2 vampire bats (D:9)
  4 electric eels
  5 crimson imps
  2 centaur zombies
  A quasit (D:6)
  A bullfrog zombie (D:9)
  5 hounds
  2 jellies (D:8)
  9 orc wizards
  9 orc priests
  Crazy Yiuf (D:5)
  A bullfrog skeleton (D:10)
  6 iguanas
  5 worker ants
  A hound zombie (D:6)
  3 hound skeletons
  7 adders
  18 gnolls
  A worker ant zombie (D:5)
  3 shadow imps
  An ooze (D:5)
  An adder zombie (D:5)
  An adder skeleton (D:5)
  6 leopard geckos
  45 orcs
  2 ball pythons
  A bat skeleton (D:9)
  3 bat zombies (D:9)
  3 giant cockroaches
  9 goblins
  3 hobgoblins
  7 quokkas
  7 bats
  7 frilled lizards
  A jackal zombie (D:6)
  22 kobolds
  A leopard gecko skeleton (D:8)
  A quokka zombie (D:8)
  3 rats
370 creatures vanquished.

Vanquished Creatures (collateral kills)
  Harold (D:11)
  7 death yaks
  An elephant (Lair:4)
  A wyvern (Lair:4)
  2 yaks (Lair:4)
  A basilisk (Lair:3)
  A water moccasin (Lair:2)
  2 bullfrogs (Lair:4)
  An orc (D:11)
  A bat skeleton (D:9)
  A kobold (D:11)
19 creatures vanquished.

Vanquished Creatures (others)
  An ogre (D:9)
  A fungus (Lair:2)
  3 plants
5 creatures vanquished.

Grand Total: 394 creatures vanquished

Notes
Turn   | Place    | Note
-------+----------+-------------------------------------------
     0 | D:1      | tilp the Merfolk Ice Elementalist began the quest for the
                  | Orb.
     0 | D:1      | Reached XP level 1. HP: 13/13 MP: 3/3
   430 | D:1      | Reached XP level 2. HP: 19/19 MP: 3/5
   435 | D:1      | Learned a level 2 spell: Throw Frost
  1224 | D:2      | Reached XP level 3. HP: 21/24 MP: 4/6
  1621 | D:2      | Learned a level 3 spell: Ozocubu's Armour
  1659 | D:3      | Reached skill level 5 in Ice Magic
  1722 | D:3      | Reached XP level 4. HP: 29/30 MP: 0/7
  1918 | D:3      | Reached XP level 5. HP: 35/35 MP: 5/8
  1980 | D:3      | Found a blossoming altar of Fedhas.
  1987 | D:3      | Found a stormy altar of Qazlal.
  2093 | D:3      | Found a white marble altar of Elyvilon.
  2374 | D:4      | Reached skill level 1 in Fighting
  2414 | D:4      | Noticed a slave
  2414 | D:4      | Noticed a slave
  2415 | D:4      | Noticed a slave
  2415 | D:4      | Noticed Pikel
  2417 | D:4      | Noticed a slave
  2432 | D:3      | Killed a slave
  2465 | D:3      | Killed a slave
  2878 | D:4      | Killed a slave
  2977 | D:4      | Found a staircase to the Ecumenical Temple.
  2998 | D:4      | Killed a slave
  3004 | D:4      | Reached XP level 6. HP: 27/44 MP: 3/9
  3129 | D:4      | Killed Pikel
  3129 | D:4      | Reached XP level 7. HP: 55/55 MP: 1/10
  3207 | D:4      | Reached skill level 1 in Conjurations
  3207 | D:4      | Reached skill level 1 in Charms
  3355 | Temple   | Entered the Ecumenical Temple
  3398 | Temple   | Became a worshipper of Makhleb the Destroyer
  3649 | D:4      | Reached XP level 8. HP: 61/61 MP: 4/12
  3791 | D:5      | Entered Level 5 of the Dungeon
  3922 | D:5      | Found a runed door.
  4002 | D:5      | Noticed Blork the orc
  4469 | D:5      | Found Ykhem's Serpentskin Sales.
  4484 | D:5      | Bought a +1 leather armour of poison resistance for 165
                  | gold pieces
  4772 | D:6      | Got an iridescent whip
  5249 | D:6      | Identified the +9 whip of Deformation {elec, rC+} (You
                  | found it on level 6 of the Dungeon)
  5268 | D:6      | Reached * piety under Makhleb
  5454 | D:6      | Noticed a wyvern
  5458 | D:6      | Reached skill level 5 in Spellcasting
  5463 | D:6      | Killed a wyvern
  5463 | D:6      | Reached XP level 9. HP: 43/67 MP: 9/17
  5785 | D:7      | Reached skill level 1 in Invocations
  5785 | D:7      | Reached skill level 1 in Evocations
  6624 | D:7      | Reached skill level 5 in Invocations
  6631 | D:7      | Reached ** piety under Makhleb
  6639 | D:7      | Reached skill level 5 in Evocations
  6723 | D:7      | Reached skill level 5 in Fighting
  6991 | D:7      | Reached XP level 10. HP: 37/74 MP: 16/19
  7678 | D:8      | You fall through a shaft for 3 floors!
  7678 | D:11     | Noticed a death yak
  7698 | D:10     | Entered Level 10 of the Dungeon
  8364 | D:9      | Found a sacrificial altar of Ru.
  8450 | D:9      | HP: 3/76 [centaur (6)]
  8697 | D:9      | Found an ancient bone altar of Kikubaaqudgha.
  8705 | D:9      | Reached *** piety under Makhleb
  8978 | D:9      | Noticed a two-headed ogre
  9831 | D:8      | Found Jipiruw's Gadget Shop.
 10406 | D:10     | Reached skill level 10 in Ice Magic
 11039 | D:10     | Reached **** piety under Makhleb
 11106 | D:10     | Found a staircase to the Orcish Mines.
 11141 | D:10     | Killed an unseen horror
 11141 | D:10     | Reached XP level 11. HP: 26/84 MP: 16/20
 11739 | D:11     | Noticed a manticore
 11812 | D:11     | Noticed a red ugly thing
 12103 | D:11     | Killed a red ugly thing
 12163 | D:11     | Reached skill level 10 in Dodging
 12229 | D:10     | Learned a level 4 spell: Throw Icicle
 12431 | D:11     | Killed a manticore
 12635 | D:11     | Found a staircase to the Lair.
 12743 | D:11     | Noticed a death yak
 13204 | D:11     | Killed a death yak
 13235 | D:11     | Noticed a death yak
 13237 | D:11     | Noticed a death yak
 13243 | D:11     | Noticed a death yak
 13253 | D:11     | Killed a death yak
 13270 | D:11     | Killed a death yak
 13278 | D:11     | Killed a death yak
 13290 | D:11     | Killed a death yak
 13679 | D:11     | Noticed Harold
 13912 | Lair:1   | Entered Level 1 of the Lair of Beasts
 13922 | D:11     | Reached skill level 10 in Fighting
 14037 | Lair:1   | Reached XP level 12. HP: 62/97 MP: 17/21
 14529 | Lair:1   | Identified a scroll of acquirement
 15613 | D:11     | Found a runed gate.
 15625 | D:11     | Found a runed gate.
 15674 | D:11     | Found a runed gate.
 15676 | D:11     | Noticed TBriggs11TB's ghost (journeyman FoFi)
 15835 | D:11     | Killed Harold
 16050 | D:5      | Killed Blork the orc
 16124 | D:5      | Noticed Crazy Yiuf
 16130 | D:5      | Killed Crazy Yiuf
 16473 | Lair:2   | Found a dark tunnel.
 17118 | Lair:2   | Noticed a six-headed hydra
 17132 | Lair:2   | Killed a six-headed hydra
 17363 | Lair:2   | Found the amulet of the Four Winds {rN+ MR+++ Clar}
 17383 | Lair:2   | Noticed a soul eater
 18070 | Lair:3   | Reached skill level 1 in Polearms
 18071 | Lair:3   | Found a hole to the Spider Nest.
 18781 | Lair:3   | Reached skill level 5 in Polearms
 18788 | Lair:3   | Reached XP level 13. HP: 82/104 MP: 19/25
 20250 | Lair:4   | Learned a level 1 spell: Animate Skeleton
 20583 | Lair:4   | Found a staircase to the Swamp.
 20588 | Lair:4   | Killed from afar by an electric eel

Vault maps used:
D:1:      lightli_arrival_noodles
D:3:      grunt_temple_overflow_forces_of_nature, lemuel_coloured_pillars_altar
D:4:      minmay_temple_entry_large_hall, first_ration, uniq_pikel
D:5:      guppyfry_shop_venom, uniq_crazy_yiuf_cottage, uniq_blork_the_orc
D:7:      grunt_livestock
D:8:      serial_shops, shop
D:9:      kennysheep_vampire_church, nicolae_ru_great_annihilating_truth
D:10:     hiddenorc1_lemuel
D:11:     dpeg_lair_monsters, gammafunk_ghost_spectres, abandoned_shop,
          uniq_harold
Temple:   dpeg_five_rooms_temple
Lair:2:   statuecave_lemuel, lightli_volcano_entry_magma_tube,
          guppyfry_lair_drakes
Lair:3:   dummy_spider_entry
Lair:4:   minmay_swamp_entry_eels, infiniplex_staircase_pool_2,
          serial_bayou_shore_a, lemuel_fruit_fields, grunt_megastairs_3

Skill      XL: |  1  2  3  4  5  6  7  8  9 10 11 12 13 |
---------------+----------------------------------------+-----
Ice Magic      | 4 5 6 10 12 | 12.0
Dodging        | 4 6 7 9 12 | 12.9
Fighting       | 2 4 5 7 10 11 | 11.0
Conjurations   | 1 2 |  2.1
Charms         | 2 4 |  4.0
Spellcasting   | 5 6 8 |  8.0
Invocations    | 5 |  5.0
Evocations     | 5 6 |  6.6
Polearms       | 5 8 |  8.3
Stealth        | |  2.1

Action                   |  1- 3 |  4- 6 |  7- 9 | 10-12 | 13-15 || total
-------------------------+-------+-------+-------+-------+-------++-------
Melee: Short sword       |     4 |       |    25 |       |       ||    29
       Unarmed           |     1 |       |       |       |       ||     1
       Whip              |       |       |   150 |   749 |   104 ||  1003
       Tailslap          |       |       |       |     3 |       ||     3
 Fire: Hunting sling     |    51 |    52 |    62 |       |       ||   165
Throw: Stone             |       |       |     4 |       |       ||     4
       Tomahawk          |       |       |     5 |     7 |     1 ||    13
 Cast: Freeze            |    19 |    49 |    50 |    34 |    13 ||   165
       Ozocubu's Armour  |     1 |     1 |    22 |    78 |    14 ||   116
       Throw Frost       |       |     1 |    13 |    60 |     7 ||    81
       Throw Icicle      |       |       |       |    18 |    10 ||    28
Invok: Lesser Servant of |       |       |       |    17 |    11 ||    28
Evoke: Wand              |       |       |       |     6 |     1 ||     7
  Use: Scroll            |     7 |       |     8 |    25 |     3 ||    43
       Potion            |       |       |       |     5 |       ||     5
 Stab: Sleeping          |       |       |     2 |     2 |       ||     4
       Distracted        |       |       |       |     1 |       ||     1
  Eat: Chunk             |     3 |     4 |    15 |    34 |     3 ||    59
       Ration            |       |       |       |     3 |     1 ||     4
Armor: Robe              |     3 |     8 |     8 |       |       ||    19
       Leather armour    |       |       |    59 |   180 |    30 ||   269
       Skin              |       |       |       |     7 |       ||     7
Dodge: Dodged            |    21 |    36 |   192 |   709 |   101 ||  1059
Block: Other             |       |       |       |    33 |    10 ||    43

Table legend:
 A = Non-vault XP
 B = Vault XP
 C = Vault XP percentage of total XP
 D = Non-vault monster count
 E = Vault monster count
 F = Vault count percentage of total count
                 A         B        C        D         E       F
            +---------+---------+-------+---------+---------+-------
      Total |   34371 |    6519 |  15.9 |     335 |      50 |  13.0
            +---------+---------+-------+---------+---------+-------
        D:1 |      20 |       0 |   0.0 |      14 |       0 |   0.0
        D:2 |      41 |       0 |   0.0 |      12 |       0 |   0.0
        D:3 |     125 |       0 |   0.0 |      20 |       0 |   0.0
        D:4 |     452 |     663 |  59.5 |      17 |       1 |   5.6
        D:5 |     274 |     288 |  51.2 |      11 |       4 |  26.7
        D:6 |     668 |       0 |   0.0 |      18 |       0 |   0.0
        D:7 |    1460 |     955 |  39.5 |      28 |       5 |  15.2
        D:8 |    1552 |       0 |   0.0 |      30 |       0 |   0.0
        D:9 |    1470 |     166 |  10.1 |      31 |      11 |  26.2
       D:10 |    2391 |     251 |   9.5 |      26 |      17 |  39.5
       D:11 |    5079 |    3329 |  39.6 |      44 |       6 |  12.0
     Lair:1 |    1797 |       0 |   0.0 |       7 |       0 |   0.0
     Lair:2 |    6394 |     203 |   3.1 |      29 |       2 |   6.5
     Lair:3 |    6823 |     439 |   6.0 |      26 |       1 |   3.7
     Lair:4 |    5825 |     225 |   3.7 |      22 |       3 |  12.0
            +---------+---------+-------+---------+---------+-------
